AoeStats
← [Massa] Edo

Arena

506956335Analyzed
2v2 RM · 15d ago on Sep 15, 2026· 42m 38s· 4 players
Game mode
Random Map
Map size
Medium (4 player)
Population
200
Speed
Normal
Resources
Standard
Victory
Conquest
Starting age
Dark Age
Ending age
Imperial Age
RankedLock teamsTeams togetherTeam positionsShared explorationLock speedFull tech treeHidden civsTurbo modeCheats
Victory
Defeat
🇪🇸 Khmer · Spain
1542
+14
🇺🇸 Burgundians · United States
1340
+22
🇩🇪 Inca · Germany
1508
-19
🇧🇷 Slavs · Brazil
1466
-17
[Massa] Edo
10:45 Feudal Age
15:27 Castle Age
13:31 Double-Bit Axe
13:28 Horse Collar
14:08 Forging
13:56 Gold Mining
15:17 Scale Barding Armor
16:45 Bow Saw
16:38 Loom
21:07 Husbandry
21:51 Devotion
23:48 Bloodlines
24:31 Chain Barding Armor
26:35 Iron Casting
28:47 Wheelbarrow
28:49 Heavy Plow
29:25 Gold Shaft Mining
28:42 Stone Mining
37:15 Imperial Age
35:29 Redemption
36:56 Hand Cart
38:23 Conscription
39:51 Plate Barding Armor
40:29 Ballistics
41:35 Blast Furnace
41:50 Light Cavalry
PanicWaller
10:39 Feudal Age
11:48 Double-Bit Axe
14:29 Castle Age
12:16 Horse Collar
15:42 Bow Saw
16:55 Heavy Plow
23:10 Wheelbarrow
22:21 Loom
23:01 Stone Mining
23:21 Gold Mining
24:26 Hand Cart
28:47 Imperial Age
26:10 Pikeman
27:17 Forging
27:07 Scale Mail Armor
27:11 Squires
28:04 Arson
28:16 Town Watch
29:19 Gold Shaft Mining
29:25 Iron Casting
29:05 Chain Mail Armor
28:56 Halberdier
29:07 Capped Ram
29:40 Champi Runner
31:36 Blast Furnace
31:11 Conscription
30:15 Siege Ram
31:00 Champi Warrior
32:24 Elite Champi Warrior
33:03 Onager
35:25 Plate Mail Armor
35:34 Siege Engineers
35:10 Treadmill Crane
36:48 Fabric Shields
38:09 Hoardings
37:30 Fletching
38:31 Ballistics
38:22 Masonry
41:08 Bodkin Arrow
43:44 Chemistry
PooseInBoots
3:45 Double-Bit Axe
11:11 Feudal Age
15:28 Castle Age
14:21 Loom
15:42 Bow Saw
16:21 Horse Collar
18:42 Town Watch
21:14 Pikeman
27:09 Imperial Age
26:05 Masonry
25:47 Fletching
30:04 Chemistry
30:31 Forging
30:21 Scale Mail Armor
31:16 Conscription
36:54 Wheelbarrow
38:24 Chain Mail Armor
38:35 Squires
40:09 Halberdier
41:33 Plate Mail Armor
41:38 Iron Casting
Penéfago
11:45 Feudal Age
12:39 Double-Bit Axe
12:37 Horse Collar
15:59 Castle Age
14:10 Gold Mining
17:36 Bow Saw
18:34 Heavy Plow
19:52 Stone Mining
20:37 Gold Shaft Mining
21:43 Wheelbarrow
25:37 Hand Cart
29:04 Imperial Age
26:23 Loom
26:24 Town Watch
27:51 Light Cavalry
28:41 Bloodlines
28:31 Husbandry
28:36 Fletching
28:53 Scale Barding Armor
28:59 Forging
29:15 Ballistics
29:56 Gold Shaft Mining
29:57 Stone Shaft Mining
29:58 Chain Barding Armor
30:55 Chemistry
31:38 Iron Casting
31:40 Crop Rotation
31:15 Town Patrol
31:40 Double Crossbow
31:47 Heavy Scorpion
33:18 Siege Engineers
35:18 Conscription
34:25 Hussar
35:53 Masonry
36:24 Plate Barding Armor
36:50 Blast Furnace
41:19 Fletching
41:22 Elite Battle Elephant
Connection lost

Rejoining the realm…

Still unreachable

The connection could not be restored.

Session expired

The server has moved on; the page needs a fresh start.